 Dungeon Crawl Stone Soup version 0.13.0-29-gdb529de (webtiles) character file.

1004 LostMyPasswordAgain the Martial Artist (level 7, -10/48 HPs)
             Began as a Demonspawn Transmuter on Nov 9, 2013.
             Mangled by Pikel
             ... wielding a +0,+0 whip of electrocution
              (17 damage)
             ... on Level 5 of the Dungeon.
             The game lasted 00:34:32 (5615 turns).

LostMyPasswordAgain the Martial Artist (DsTm)       Turns: 5615, Time: 00:34:34

HP -10/48        AC  5     Str 10      XL: 7   Next: 57%
MP   0/10        EV 12     Int 16      God:
Gold 213         SH  0     Dex 14      Spells:  3 memorised,  4 levels left

Res.Fire  : . . .   See Invis. : .     - Unarmed
Res.Cold  : . . .   Warding    : .   c - +0 robe
Life Prot.: . . .   Conserve   : .   (no shield)
Res.Poison: .       Res.Corr.  : .   (helmet restricted)
Res.Elec. : .       Clarity    : .   w - +0 cloak
Sust.Abil.: . .     Spirit.Shd : +   o - -1 pair of gauntlets
Res.Mut.  : .       Stasis     : .   (no boots)
Res.Rott. : .       Flight     : .   (no amulet)
Saprovore : . . .                    (no ring)
                                     (no ring)

@: appendage (expiring), slightly resistant to hostile enchantments, unstealthy
A: horns 2, spiny 2, magic shield, AC +2
a: End Transformation


You were on level 5 of the Dungeon.
You were not hungry.
You had grown temporary horns.
You visited 1 branch of the dungeon, and saw 5 of its levels.

You collected 193 gold pieces.

Inventory:

Hand weapons
 B - a +1 blowgun
Missiles
 b - 52 arrows
 C - 14 poisoned needles
Armour
 c - a +0 robe (worn)
 o - a -1 pair of gauntlets (worn)
 w - a +0 cloak (worn)
Magical devices
 j - a wand of magic darts (0)
 v - a wand of slowing (0)
 x - a wand of magic darts (0)
Comestibles
 a - 7 bread rations
 h - a meat ration
 l - a pear
 s - an apple
 G - a choko
Scrolls
 e - 3 scrolls of enchant weapon I {unknown}
 f - 2 scrolls of magic mapping {unknown}
 k - 3 scrolls of teleportation {unknown}
 p - a scroll of fear {unknown}
 r - a scroll of fog {unknown}
 t - 4 scrolls of remove curse {unknown}
 u - 3 scrolls of identify {unknown}
 y - 2 scrolls of random uselessness {unknown}
 A - 2 scrolls of enchant weapon II {unknown}
 I - a scroll of blinking {unknown}
Potions
 g - 3 potions of heal wounds
 i - 4 potions of curing {unknown}
 m - 2 potions of speed {unknown}
 n - 2 potions of paralysis {unknown}
 q - a potion of poison {unknown}
 z - a potion of agility {unknown}
Books
 d - a book of Changes

   Spells                             Type                      Level
   *Beastly Appendage                 Transmutation                1
   *Sticks to Snakes                  Transmutation                2
   *Spider Form                       Transmutation/Poison         3
   Ice Form                           Ice/Transmutation            4
   Blade Hands                        Transmutation                5
 D - a book of Frost

   Spells                             Type                      Level
   Freeze                             Ice                          1
   Throw Frost                        Conjuration/Ice              2
   Ozocubu's Armour                   Charms/Ice                   3
   Throw Icicle                       Conjuration/Ice              4
   Summon Ice Beast                   Ice/Summoning                4
   Condensation Shield                Ice                          4


   Skills:
 - Level 1.0 Fighting
 - Level 1.7 Dodging
 * Level 8.3 Unarmed Combat
 - Level 2.0 Spellcasting
 - Level 1.7 Transmutations


You had 4 spell levels left.
You knew the following spells:

 Your Spells              Type           Power        Failure   Level  Hunger
a - Beastly Appendage     Trmt           #.....       12%         1    #......
b - Sticks to Snakes      Trmt           #.........   17%         2    ###....
c - Spider Form           Trmt/Pois      #.........   52%         3    ####...


Dungeon Overview and Level Annotations

Branches:
Dungeon (5/27)
 Temple: D:4-7

Altars:
Cheibriados
Elyvilon
Nemelex Xobeh
Vehumet

Annotations:
D:5 Pikel


Innate Abilities, Weirdness & Mutations

You are partially covered in yellow scales (AC +2).*
You are mostly covered in sharp spines.*
When hurt, damage is shared between your health and your magic reserves.
You have a pair of horns on your head.*


Message History

Pikel easily resists.
Pikel hits you with a whip of electrocution.
* * * LOW HITPOINT WARNING * * *
Your magical contamination has completely faded away.
You completely miss Pikel.
Pikel is heavily wounded.
You closely miss Pikel. Your headbutt misses Pikel.
Pikel is heavily wounded.
Pikel closely misses you.
You closely miss Pikel. Your headbutt misses Pikel.
Pikel is heavily wounded.
Pikel barely misses you.
You closely miss Pikel. You punch Pikel.
Pikel is severely wounded.
Your transformation is almost over.
Pikel waves his whip at you.
Pikel hits you with a whip of electrocution.
* * * LOW HITPOINT WARNING * * *
You are electrocuted!
You die...

######### ....J....# #.#
.########## #@# ..........# #K#
.####.###.# #@#
####.###.######@#############
.#..........>................#
.#.##.####.##@.[..##.....###.####
.#.##.# #@##.#...##.........@...
......# #@[[..#.......@.########
.#.#### ####.#.####..........#


You could see Pikel and 2 slaves.

Vanquished Creatures
  2 slaves (D:5)
  2 phantoms
  An ogre (D:4)
  A jelly (D:5)
  3 orc priests (D:4)
  2 orc wizards (D:4)
  A hound (D:4)
  An iguana (D:4)
  A scorpion (D:4)
  2 worker ants
  8 adders
  2 worms
  An adder skeleton (D:4)
  A giant gecko (D:4)
  3 oozes
  18 orcs
  10 bats
  5 giant cockroaches
  9 hobgoblins
  14 kobolds
  2 quokkas (D:4)
  A ball python (D:4)
  6 giant newts
  15 goblins
  2 jackals (D:1)
  An orc skeleton (D:4)
  10 rats
  A rat skeleton (D:4)
125 creatures vanquished.

Notes
Turn   | Place    | Note
--------------------------------------------------------------
     0 | D:1      | LostMyPasswordAgain, the Demonspawn Transmuter, began the quest for the Orb.
     0 | D:1      | Reached XP level 1. HP: 15/15 MP: 1/1
   131 | D:1      | Reached skill level 3 in Unarmed Combat
   186 | D:1      | Gained mutation: You are partially covered in yellow scales (AC +2). [demonic ancestry]
   186 | D:1      | Reached XP level 2. HP: 7/21 MP: 0/3
   377 | D:1      | Learned a level 2 spell: Sticks to Snakes
   996 | D:1      | Reached XP level 3. HP: 26/26 MP: 4/4
  1001 | D:1      | Learned a level 3 spell: Spider Form
  1173 | D:2      | Reached skill level 4 in Unarmed Combat
  1203 | D:2      | Found a sparkling altar of Nemelex Xobeh.
  1372 | D:2      | Gained mutation: You are partially covered in sharp spines. [demonic ancestry]
  1372 | D:2      | Reached XP level 4. HP: 28/32 MP: 4/6
  1445 | D:2      | Found a snail-covered altar of Cheibriados.
  1868 | D:2      | Found a white marble altar of Elyvilon.
  2182 | D:3      | Reached skill level 5 in Unarmed Combat
  2310 | D:3      | Noticed a phantom
  2353 | D:3      | Killed a phantom
  2353 | D:3      | Gained mutation: You are mostly covered in sharp spines. [demonic ancestry]
  2353 | D:3      | Reached XP level 5. HP: 4/37 MP: 5/7
  2605 | D:3      | Reached skill level 6 in Unarmed Combat
  3206 | D:4      | Noticed an ogre
  3218 | D:4      | Killed an ogre
  3218 | D:4      | Gained mutation: When hurt, damage is shared between your health and your magic reserves. [demonic ancestry]
  3218 | D:4      | Reached XP level 6. HP: 3/43 MP: 7/9
  3626 | D:4      | Found a radiant altar of Vehumet.
  3760 | D:4      | Reached skill level 7 in Unarmed Combat
  3784 | D:4      | Reached XP level 7. HP: 6/48 MP: 1/10
  5105 | D:4      | Noticed a phantom
  5123 | D:4      | Killed a phantom
  5123 | D:4      | Reached skill level 8 in Unarmed Combat
  5497 | D:5      | Entered Level 5 of the Dungeon
  5553 | D:5      | Noticed Pikel
  5615 | D:5      | Mangled by Pikel

Action                   |  1- 3 |  4- 6 |  7- 9 || total
-------------------------+-------+-------+-------++-------
Melee: Unarmed           |   132 |   169 |   112 ||   413
 Fire: Blowgun           |       |     3 |       ||     3
Throw: Dart              |       |     1 |       ||     1
 Cast: Beastly Appendage |    10 |    19 |    16 ||    45
Evoke: Wand              |       |    19 |     7 ||    26
  Use: Potion            |       |     1 |     1 ||     2
 Stab: Distracted        |     1 |       |       ||     1
